AoeStats
← itsdebbie

Arena

508329396Analyzed
3v3 RM · 10d ago on Sep 22, 2026· 50m 35s· 6 players
Game mode
Random Map
Map size
Normal (6 player)
Population
200
Speed
Normal
Resources
Standard
Victory
Conquest
Starting age
Dark Age
Ending age
Imperial Age
RankedLock teamsTeams togetherTeam positionsShared explorationLock speedFull tech treeHidden civsTurbo modeCheats
Victory
Defeat
🇿🇦 Byzantines · South Africa
811
+17
🇧🇷 Persians · Brazil
784
+18
🇨🇱 Italians · Chile
769
+41
🇺🇸 Italians · United States
874
-21
🇺🇸 Romans · United States
864
-19
🇧🇷 Bengalis · Brazil
747
-14
TX_DROPDEAD
10:28 Feudal Age
12:00 Loom
14:40 Castle Age
17:49 Double-Bit Axe
17:45 Horse Collar
22:26 Bow Saw
22:59 Fervor
24:14 Wheelbarrow
24:46 Heavy Plow
29:20 Imperial Age
26:59 Gold Mining
27:10 Crossbowman
27:42 Fletching
28:33 Hand Cart
28:24 Bodkin Arrow
29:30 Thumb Ring
28:47 Elite Skirmisher
29:29 Padded Archer Armor
29:50 Ballistics
29:40 Arbalester
32:29 Chemistry
31:17 Town Watch
32:29 Town Patrol
32:34 Bracer
34:40 Two-Man Saw
36:05 Bloodlines
35:56 Husbandry
36:13 Leather Archer Armor
39:16 Ring Archer Armor
45:16 Conscription
45:08 Pirotechnia
45:50 Capped Ram
Iaguinho Ohh+ Brabo
9:35 Feudal Age
10:53 Double-Bit Axe
12:10 Gold Mining
14:04 Stone Mining
18:32 Castle Age
18:54 Forging
18:50 Scale Barding Armor
18:29 Horse Collar
21:00 Husbandry
21:11 Bloodlines
22:28 Bow Saw
23:56 Gold Shaft Mining
27:46 Iron Casting
30:37 Heavy Plow
34:24 Imperial Age
32:32 Wheelbarrow
31:42 Town Watch
35:18 Citadels
36:49 Conscription
38:33 Two-Man Saw
39:13 Capped Ram
42:18 Blast Furnace
41:39 Chain Barding Armor
40:52 Elite War Elephant
42:33 Fletching
42:43 Padded Archer Armor
42:50 Kamandaran
44:30 Thumb Ring
43:47 Crossbowman
44:09 Crossbowman
44:58 Cavalier
46:20 Plate Barding Armor
46:01 Leather Archer Armor
46:13 Hand Cart
46:01 Town Patrol
46:03 Savar
47:43 Light Cavalry
Hondkop
0:28 Loom
11:33 Feudal Age
15:51 Castle Age
17:23 Horse Collar
26:58 Heavy Plow
27:24 Gold Mining
27:34 Double-Bit Axe
31:21 Imperial Age
29:30 Wheelbarrow
31:38 Bow Saw
32:15 Fletching
32:26 Padded Archer Armor
32:37 Forging
32:28 Scale Mail Armor
32:14 Treadmill Crane
32:49 Fortified Wall
33:40 Chemistry
33:02 Ballistics
32:39 Murder Holes
33:00 Fortified Wall
33:45 Conscription
33:50 Hand Cart
33:04 Pikeman
33:30 Gambesons
33:46 Squires
33:31 Arson
34:11 Leather Archer Armor
33:52 Bodkin Arrow
34:41 Gold Shaft Mining
33:57 Stone Mining
35:00 Crop Rotation
35:34 Two-Man Saw
34:37 Caravan
34:59 Halberdier
37:44 Bracer
38:00 Chain Mail Armor
38:22 Iron Casting
40:14 Plate Mail Armor
42:41 Ring Archer Armor
41:42 Elite Cataphract
44:46 Scale Barding Armor
46:03 Logistica
45:42 Elite Skirmisher
BloodTearss
10:11 Feudal Age
10:26 Loom
17:14 Castle Age
15:17 Gold Mining
15:41 Double-Bit Axe
17:40 Horse Collar
19:12 Wheelbarrow
19:00 Padded Archer Armor
18:50 Fletching
20:16 Stone Mining
20:41 Heavy Plow
23:52 Hand Cart
24:11 Town Watch
26:05 Ballistics
27:24 Masonry
27:56 Elite Skirmisher
32:58 Imperial Age
32:35 Thumb Ring
34:45 Chemistry
34:05 Bow Saw
36:37 Bodkin Arrow
38:51 Leather Archer Armor
38:37 Bracer
45:09 Two-Man Saw
44:42 Crop Rotation
48:52 Stone Shaft Mining
49:09 Elite Genoese Crossbowman
Fryy
10:16 Feudal Age
15:24 Castle Age
14:18 Double-Bit Axe
14:17 Horse Collar
14:53 Loom
21:32 Bow Saw
21:47 Heavy Plow
21:40 Gold Mining
23:39 Wheelbarrow
23:46 Scale Mail Armor
25:02 Gold Shaft Mining
26:39 Ballistics
29:32 Hand Cart
32:03 Imperial Age
29:33 Stone Mining
31:25 Man-at-Arms
32:29 Chain Mail Armor
32:25 Forging
34:04 Chemistry
33:00 Heavy Scorpion
34:17 Long Swordsman
35:45 Ballistas
37:34 Legionary
38:39 Scale Barding Armor
39:11 Iron Casting
38:03 Cavalier
46:06 Blast Furnace
itsdebbie
11:15 Feudal Age
12:35 Wheelbarrow
11:47 Town Watch
13:31 Double-Bit Axe
15:26 Gold Mining
16:25 Horse Collar
19:17 Stone Mining
23:45 Castle Age
23:34 Padded Archer Armor
23:25 Fletching
28:43 Hand Cart
32:46 Paiks
41:25 Heated Shot
41:26 Guard Tower
41:32 Murder Holes
41:48 Fortified Wall
43:20 Gold Shaft Mining
48:21 Imperial Age
49:08 Imperial Age
Connection lost

Rejoining the realm…

Still unreachable

The connection could not be restored.

Session expired

The server has moved on; the page needs a fresh start.